 Dungeon Crawl Stone Soup version 0.29-a0-857-g9b1aa3ac5b (webtiles) character file.

Game seed: 11130472153554907361

20 nxtlvl the Cutter (level 2, 0/18 HPs)
             Began as a Deep Elf Monk on July 17, 2022.
             Succumbed to a kobold's poison
             ... on level 3 of the Dungeon.
             The game lasted 00:05:00 (619 turns).

nxtlvl the Cutter (Deep Elf Monk)                    Turns: 619, Time: 00:05:01

Health: 0/18       AC:  3    Str:  8    XL:     2   Next: 58%
Magic:  4/4        EV: 13    Int: 14    God:
Gold:   85         SH:  0    Dex: 17    Spells: 1/1 levels left

rFire   . . .      SeeInvis .   a - +0 short sword
rCold   . . .      Faith    .   (no shield)
rNeg    . . .      Spirit   .   b - +0 robe
rPois   .          Reflect  .   (no helmet)
rElec   .          Harm     .   h - +0 cloak
rCorr   .          Rampage  .   (no gloves)
Will    .....                   (no boots)
Stlth   ++........              (no amulet)
HPRegen 0.06/turn               (no ring)
MPRegen 0.09/turn               (no ring)

@: lethally poisoned (0 -> -12)
A: no striking features
a: no special abilities


You were on level 3 of the Dungeon.
You visited 1 branch of the dungeon, and saw 4 of its levels.

You collected 85 gold pieces.

Inventory:

Hand Weapons
 a - a +0 short sword (weapon)
Armour
 b - a +0 robe (worn)
 h - a +0 cloak (worn)
 k - a +0 ring mail
Scrolls
 g - 2 scrolls of teleportation {unknown}
 i - a scroll of enchant weapon {unknown}
 j - 2 scrolls of identify {unknown}
Potions
 c - a potion of ambrosia
 d - a potion of cancellation {unknown}
 e - 2 potions of curing {unknown}
 f - a potion of lignification {unknown}
 l - a potion of flight {unknown}


   Skills:
 - Level 2.4 Fighting
 * Level 4.0 Short Blades
 - Level 3.6 Dodging
 - Level 2.4 Stealth


You had one spell level left.
You didn't know any spells.
Your spell library contained the following spells:

 Spells                   Type           Power      Damage    Failure   Level
 Ignite Poison            Fire/Tmut/Pois 0%         N/A       65%         3
 Mephitic Cloud           Conj/Pois/Air  0%         N/A       65%         3
 Freezing Cloud           Conj/Ice/Air   0%         6-21      100%        5


Dungeon Overview and Level Annotations

Branches:
Dungeon (4/15)
 Temple: D:4-7

Altars:

Annotations:
D:4 Sigmund


Message History

The hobgoblin is almost dead.
The hobgoblin hits you.
You hit the hobgoblin.
You kill the hobgoblin!
You see here a hobgoblin corpse.
Found a fizzy inky potion.
You hit the endoplasm but do no damage. The endoplasm freezes you.
You are frozen.
You hit the endoplasm.
The endoplasm is moderately wounded.
You hit the endoplasm but do no damage.
The endoplasm is moderately wounded.
The endoplasm freezes you.
You are frozen.
You hit the endoplasm.
You kill the endoplasm!
Your Short Blades skill increases to level 4!
You see here a +0 ring mail.
k - a +0 ring mail
l - a fizzy inky potion
Found a scroll labelled RIXZEGG JOAJIT.
Found 3 boomerangs.
An endoplasm comes into view.
The kobold shouts!
You hear a shout!
The kobold misses you.
You hear an angry hiss.
The kobold attacks as you move away! The kobold hits you but does no damage.
You are poisoned.
You feel sick.
You closely miss the kobold.
You feel sick. The kobold misses you.
You closely miss the kobold.
You feel sick. The kobold misses you.
The endoplasm quivers.
You hit the kobold but do no damage.
You feel sick.
The kobold hits you with a +1 whip of venom.
* * * LOW HITPOINT WARNING * * *
You are more poisoned.
You hit the kobold.
You kill the kobold!
You die...

.###..##..... #......
.......##.###############.#####
##..##....##..............# #
...##.#####.############## #
#.# #.# #.# # #.### #
#...################
###.#...............
#@#.#####.######## #)# #.# ##
#..J...J..# #.# #. #######.#K#
#.# ## #)#.#####.# # #.#.<..
.?. # ##....# ###.######
.....#..# #......† #....K.!#
#.######


You could see an endoplasm and a kobold.

Vanquished Creatures
  An adder (D:2)
  3 endoplasms
  3 goblins
  A hobgoblin (D:3)
  A quokka (D:3)
  A kobold (D:3)
10 creatures vanquished.

Notes
Turn   | Place    | Note
-------+----------+-------------------------------------------
     0 | D:1      | nxtlvl the Deep Elf Monk began the quest for the Orb.
     0 | D:1      | Reached XP level 1. HP: 13/13 MP: 3/3
    83 | D:2      | Reached XP level 2. HP: 18/18 MP: 4/4
   241 | D:4      | Noticed Sigmund
   448 | D:4      | Noticed a scorpion
   535 | D:3      | Reached skill level 4 in Short Blades
   619 | D:3      | Succumbed to a kobold's poison

Illustrated notes

Levels and vault maps discovered:
D:1:      giann_wishing_wells, layout_basic, shapermc_ecumenical_altar_petra,
          kennysheep_doodads
D:2:      minmay_wonky_spiral, layout_basic
D:3:      layout_loops_ring
D:4:      layout_cave_pools, uniq_blork_the_orc, uniq_sigmund

Skill      XL: |  1  2 |
---------------+-------+-----
Short Blades   | 4 |  4.0
Fighting       | |  2.4
Dodging        | |  3.6
Stealth        | |  2.4

Action                   || total
-------------------------++-------
Melee: Short sword       ||    30
 Stab: Sleeping          ||     4
Armor: Robe              ||     2
Dodge: Dodged            ||    11

Table legend: (Time is in decaauts)
 A = Elapsed time spent in this place.
 B = Non-inter-level travel time spent in this place.
 C = Inter-level travel time spent in this place.
 D = Time resting spent in this place.
 E = Time spent auto-exploring this place.
 F = Levels seen in this place.
 G = Mean time per level.
                   A        B        C        D        E       F      G
               +--------+--------+--------+--------+--------+-----+--------+
         Total |    616 |    616 |      0 |      0 |     58 |   4 |  154.0 |
       Dungeon |    616 |    616 |      0 |      0 |     58 |   4 |  154.0 |
               +--------+--------+--------+--------+--------+-----+--------+

Top non-repeatable levels by time:
     D:3: 363 daAuts
     D:4: 141 daAuts
     D:1: 78 daAuts
     D:2: 33 daAuts
